Unix NetHack Version 5.0.0-0 post-release - last build Jun 10 2026 00:39:30 (3ee93aec679c4c4259841fe613dc97188e26a321,branch:main).

Game began 2026-06-15 04:41:21, ended 2026-06-15 04:50:21.

CyberFan, chaotic male human Rogue

                                      -----#                        -------
                                      |...|#  0#####################......|
                ---------------       |...|####                     |.....|
                |..[..........|       |...----  ---------------    #......|
                |.............|       |.......  |.............|    #|..(..|
                |.............|       |......| #|.............|   ##----|--
                |.............|       |......| #..............|   #    ##
                -------|-+-----       ----...| #----.----------  ##    #
                  #    ##########    #   |...-##    ##### 0    ####  0##
               ##################s@e#####-.`.|          ###     #     ##
               #         #      #    #   -----            ###  ##     ######
             ###                ##                        --.--#      -.---.--
       #######                   ###                      |....#      |......|
       #                   --------.--                    |...|       |......|
       #                   |.........|#                   |...|       |......|
 ------##                  |..........#                   |...|       |{..<..|
 |...^.##                  |.........|                    -----       |......|
 |..^.|                    -----------                                |......|
 ------                                                               --------

CyberFan the Cutpurse   St:11 Dx:18 Co:13 In:10 Wi:10 Ch:13  Chaotic
Dlvl:5  $:8  HP:0(25) Pw:13(13) AC:6  Xp:3/73 T:1813 

Latest messages:
 The door resists!
 In what direction?
 The door resists!
 In what direction?
 The door opens.
 You hear someone counting gold coins.
 You swap places with your little dog.
 You see here a corroded crude ring mail.
 You swap places with your little dog.
 You swap places with your little dog.
 An arrow shoots out at you!
 You are hit by an arrow.
 $ - 8 gold pieces.
 Where do you want to travel to?
 (For instructions type a '?')
 Suddenly, the little dog disappears out of sight.
 Where do you want to travel to?
 (For instructions type a '?')
 You hit the iguana.
 The iguana bites!
 You kill the iguana!
 You see here an iguana corpse.
 There is an iguana corpse here; eat it? [ynq] (n)
 This iguana corpse is gamey.
 You finish eating the iguana corpse.
 You hear the footsteps of a guard on patrol.
 Where do you want to travel to?
 (For instructions type a '?')
 It is hit.
 You miss the floating eye.
 You are frozen by the floating eye's gaze!
 The cave spider bites!
 The cave spider bites!
 The cave spider bites!
 The cave spider bites!
 The cave spider bites!
 The cave spider bites!
 The cave spider bites!
 The cave spider bites!
 The cave spider bites!
 The cave spider bites!
 The cave spider bites!
 The cave spider bites!
 The cave spider bites!
 The cave spider bites!
 The cave spider bites!
 The cave spider bites!
 The cave spider bites!
 The cave spider bites!
 You die...

Inventory:
 Coins    ('$')
  $ - 8 gold pieces
 Weapons  (')')
  b - an uncursed +0 dagger (weapon in right hand)
  h - 5 uncursed +0 daggers named ammo (at the ready)
  a - an uncursed +0 short sword (alternate weapon; not wielded)
 Armor    ('[')
  n - an uncursed +0 orcish helm (being worn)
  c - an uncursed +1 leather armor (being worn)
 Comestibles  ('%')
  g - 2 uncursed jackfruits
  t - an uncursed food ration
  u - an uncursed tripe ration
 Scrolls  ('?')
  o - a blessed scroll of destroy armor
  k - a cursed scroll of enchant armor
  l - an uncursed scroll of enchant weapon
 Potions  ('!')
  i - an uncursed potion of booze
  d - an uncursed potion of sickness
 Wands    ('/')
  x - an uncursed wand of make invisible (0:6)
  v - a blessed wand of undead turning (0:5)
 Tools    ('(')
  f - an empty uncursed sack
  e - an uncursed lock pick

CyberFan the Rogue's attributes:

Background:
 You were a Cutpurse, a level 3 male human Rogue.
 You were chaotic, on a mission for Kos
 who was opposed by Issek (lawful) and Mog (neutral).
 You were right-handed.
 You were in the Dungeons of Doom, on level 5.
 You entered the dungeon 1813 turns ago.
 It was nighttime.
 There was a new moon in effect when your adventure ended.
 You had 73 experience points, 7 more were needed to attain level 4.

Basics:
 You had 0 out of 25 hit points.
 You had all 13 energy points (spell power).
 Your armor class was 6.
 Your wallet contained 8 zorkmids.
 Autopickup was on for '$%?!"=/*' plus thrown, with exceptions.

Final Characteristics:
 Your strength was 11 (limit:18/100).
 Your dexterity was 18 (limit:18).
 Your constitution was 13 (limit:18).
 Your intelligence was 10 (limit:18).
 Your wisdom was 10 (limit:18).
 Your charisma was 13 (limit:18).

Final Status:
 You weren't hungry.
 You were unencumbered.
 You were wielding a dagger.
 You had basic skill with dagger.

Final Attributes:
 You were devoutly aligned.
 You were stealthy.
 You were warded.
 You are dead.

Miscellaneous:
 You disabled loading and storing of bones levels.
 Total elapsed playing time was 9 minutes.

Major events:
 Turn
    1: CyberFan the chaotic male human Rogue entered the dungeon
  762: entered the Gnomish Mines
 1131: attained the rank of Cutpurse (level 3)
 1813: killed by a cave spider, while frozen by a floating eye's gaze

Spells:
 Name                 Level Category     Fail Retention
 healing                1   healing       72%  76%-100%

Skills:
 Fighting Skills
   bare handed combat [Unskilled]
   two weapon combat  [Unskilled]
   riding             [Unskilled]
 Weapon Skills
   dagger             [Basic]
   knife              [Unskilled]
   short sword        [Basic]
   broadsword         [Unskilled]
   long sword         [Unskilled]
   two-handed sword   [Unskilled]
   saber              [Unskilled]
   club               [Unskilled]
   mace               [Unskilled]
   morning star       [Unskilled]
   flail              [Unskilled]
   hammer             [Unskilled]
   polearms           [Unskilled]
   spear              [Unskilled]
   crossbow           [Unskilled]
   dart               [Unskilled]
   shuriken           [Unskilled]
 Spellcasting Skills
   divination spells  [Unskilled]
   escape spells      [Unskilled]
   matter spells      [Unskilled]

Voluntary challenges:
 Character rerolling was not enabled.
 You never genocided any monsters.
 You never polymorphed an object.
 You never changed form.
 You used no wishes.
Achievements:
 You entered the Gnomish Mines.
 You attained the rank of Cutpurse.

 The Dungeons of Doom: levels 1 to 5
    Level 1:
       A fountain, some sinks.
    Level 2:
       A fountain.
    Level 3:
       An altar.
       Stairs down to The Gnomish Mines.
    Level 4:
       A fountain.
    Level 5: <- You were here.
       A sink, a grave.
       Final resting place for
          you, killed by a cave spider, while frozen by a floating eye's gaze.
 The Gnomish Mines:
    Level 4:


Vanquished creatures:
  2 homunculi
  3 iguanas
  2 acid blobs
  a giant rat
  a green mold
  a gnome
  4 geckos
  6 jackals
  2 kobolds
  3 goblins
  a sewer rat
  a bat
  a lichen
  a kobold zombie
  3 newts
32 creatures vanquished.

No species were genocided or became extinct.

Game over:
                       ----------
                      /          \
                     /    REST    \
                    /      IN      \
                   /     PEACE      \
                  /                  \
                  |     CyberFan     |
                  |       8 Au       |
                  | killed by a cave |
                  |      spider      |
                  |                  |
                  |                  |
                  |       2026       |
                 *|     *  *  *      | *
        _________)/\\_//(\/(/\)/\//\/|_)_______

Goodbye CyberFan the Rogue...

You died in The Dungeons of Doom on dungeon level 5 with 500 points,
and 8 pieces of gold, after 1813 moves.
You were level 3 with a maximum of 25 hit points when you died.

